 Dungeon Crawl Stone Soup version 0.24-a0-189-g5d897e9 (webtiles) character file.

Game seed: 9659179438446941282

47 tilp the Cudgeler (level 3, -4/29 HPs)
             Began as a Demonspawn Chaos Knight on Mar 16, 2019.
             Was a Plaything of Xom.
             Slain by an ogre
             ... wielding a +0 giant spiked club
              (31 damage)
             ... on level 3 of the Dungeon.
             The game lasted 00:02:48 (942 turns).

tilp the Cudgeler (Demonspawn Chaos Knight)          Turns: 942, Time: 00:02:50

Health: -4/29      AC:  8    Str: 13    XL:     3   Next: 48%
Magic:  3/3        EV:  6    Int: 13    God:    Xom [.....*]
Gold:   22         SH:  0    Dex: 12    Spells: 2/2 levels left

rFire    . . .     SeeInvis .   a - +0 mace (chaos)
rCold    . . .     Gourm    .   (no shield)
rNeg     . . .     Faith    .   e - +0 chain mail
rPois    .         Spirit   .   (no helmet)
rElec    .         Reflect  .   (no cloak)
rCorr    .         Harm     .   (no gloves)
MR       .....                  (no boots)
Stlth    ..........             (no amulet)
HPRegen  0.09/turn              (no ring)
MPRegen  0.08/turn              (no ring)

@: no status effects
A: powered by death 1
a: Renounce Religion


You were on level 3 of the Dungeon.
You worshipped Xom.
You were Xom's teddy bear.
You were not hungry.

You visited 1 branch of the dungeon, and saw 3 of its levels.

You collected 22 gold pieces.

Inventory:

Hand Weapons
 a - a +0 mace of chaos (weapon)
Missiles
 j - 70 stones (quivered)
Armour
 b - a +2 leather armour
 e - a +0 chain mail (worn)
Jewellery
 m - an uncursed ring of poison resistance {unknown}
Scrolls
 d - 2 scrolls of teleportation
 h - a scroll of enchant weapon {unknown}
 i - 2 scrolls of identify
 k - a scroll of blinking {unknown}
Potions
 g - a potion of lignification
 l - a potion of cancellation
Comestibles
 c - 8 rations
 f - 4 chunks of flesh


   Skills:
 - Level 3.0 Fighting
 + Level 4.1 Maces & Flails
 - Level 1.7 Armour
 - Level 0.8 Dodging


You had 2 spell levels left.
You didn't know any spells.
Your spell library was empty.

Dungeon Overview and Level Annotations

Branches:
Dungeon (3/15)

Altars:
Yredelemnul


Innate Abilities, Weirdness & Mutations

You regenerate a little health from kills.


Message History

You barely miss the kobold. The kobold hits you but does no damage.
You closely miss the kobold.
The kobold hits you with a +0 short sword.
You closely miss the kobold.
The kobold hits you with a +0 short sword.
Your chain mail prevents you from hitting the kobold.
The kobold hits you but does no damage.
You hit the kobold but do no damage. The kobold closely misses you.
The kobold barely misses you.
You hit the kobold.
You feel better.
The kobold is severely wounded.
The kobold hits you but does no damage.
You hit the kobold. You burn the kobold.
You kill the kobold!
You hit the ogre. You burn the ogre.
The ogre is lightly wounded.
The ogre hits you with a +0 giant spiked club!!
Ouch! That really hurt!
You die...
Xom is highly amused!

# .# #.## #..# ..#
#.## #.#
##...##.##########
......)..(.<.....#
.##.###@#.$.......#
#O#.######..# #.#.#
# #$#.# ....# #.###
.$# ...


You could see an ogre.

Vanquished Creatures
  A worm (D:2)
  3 dart slugs
  A ball python (D:2)
  7 bats
  4 goblins
  4 hobgoblins (D:1)
  4 jackals (D:2)
  2 frilled lizards (D:2)
  6 kobolds
  2 rats (D:1)
  A spectral orc (D:2)
35 creatures vanquished.

Vanquished Creatures (others)
  A rat (D:1)
  4 toadstools (D:1)
5 creatures vanquished.

Grand Total: 40 creatures vanquished

Notes
Turn   | Place    | Note
-------+----------+-------------------------------------------
     0 | D:1      | tilp the Demonspawn Chaos Knight began the quest for the
                  | Orb.
     0 | D:1      | Reached XP level 1. HP: 18/18 MP: 1/1
    21 | D:1      | XOM: harmless Necr miscast
    55 | D:1      | Reached skill level 3 in Maces & Flails
   197 | D:1      | Gained mutation: You regenerate a little health from kills.
                  | [demonic ancestry]
   197 | D:1      | Reached XP level 2. HP: 20/24 MP: 2/2
   252 | D:1      | XOM: harmless Summ miscast
   570 | D:2      | Reached XP level 3. HP: 29/29 MP: 3/3
   579 | D:2      | XOM: polymorph leopard gecko -> dart slug
   704 | D:2      | Reached skill level 4 in Maces & Flails
   740 | D:2      | Found a faded altar of an unknown god.
   785 | D:2      | Found a basalt altar of Yredelemnul.
   930 | D:3      | Noticed an ogre
   942 | D:3      | Slain by an ogre

Levels and vault maps discovered:
D:1:      ldierk_walled_garden_2, layout_loops_ring
D:2:      layout_rooms, yredelemnul_forgotten_temple_becter, first_ration,
          chequers_ecumenical_altar_island
D:3:      layout_loops_ring, marbit_many_paths, uniq_natasha

Skill      XL: |  1  2  3 |
---------------+----------+-----
Maces & Flails | 3 4 |  4.1
Fighting       | |  3.0
Armour         | |  1.7
Dodging        | |  0.8

Action                   || total
-------------------------++-------
Melee: Mace              ||    97
  Use: Scroll            ||     3
Armor: Chain mail        ||    79
       Leather armour    ||     1
Dodge: Dodged            ||    44

Table legend:
 A = Non-vault XP
 B = Vault XP
 C = Vault XP percentage of total XP
 D = Non-vault monster count
 E = Vault monster count
 F = Vault count percentage of total count
                 A         B        C        D         E       F
            +---------+---------+-------+---------+---------+-------
      Total |      67 |       1 |   1.5 |      35 |       1 |   2.8
            +---------+---------+-------+---------+---------+-------
        D:1 |      34 |       0 |   0.0 |      18 |       0 |   0.0
        D:2 |      28 |       1 |   3.4 |      14 |       1 |   6.7
        D:3 |       5 |       0 |   0.0 |       3 |       0 |   0.0
            +---------+---------+-------+---------+---------+-------
